 Dungeon Crawl Stone Soup version 0.29-a0-317-gd16b76e6b1 (console) character file.

Game seed: 9133791758383677062

67 Ignak the Insei (level 4, 0/34 HPs)
             Began as a Gnoll Transmuter on Apr 1, 2022.
             Succumbed to a gnoll's poison
             ... on level 3 of the Dungeon.
             The game lasted 00:04:53 (2604 turns).

Ignak the Insei (Gnoll Transmuter)                  Turns: 2604, Time: 00:04:53

Health: 0/34       AC:  2    Str: 10    XL:     4   Next: 16%
Magic:  6/11       EV: 22    Int: 12    God:
Gold:   38         SH:  0    Dex: 19    Spells: 7/13 levels left

rFire   . . .      SeeInvis .     - Unarmed
rCold   . . .      Faith    .   (shield currently unavailable)
rNeg    . . .      Spirit   .   (body armour currently unavailable)
rPois   x          Reflect  .   (helmet currently unavailable)
rElec   .          Harm     .   (cloak currently unavailable)
rCorr   .          Rampage  .   (gloves currently unavailable)
Will    .....                   (boots currently unavailable)
Stlth   ++........              (no amulet)
HPRegen 0.11/turn               (no ring)
MPRegen 0.12/turn               (no ring)

@: lethally poisoned (0 -> -6), spider-form
A: venomous fangs, tiny, (fangs 1), strong nose, distributed training
a: End Transformation


You were on level 3 of the Dungeon.
You were a venomous arachnid creature.
You visited 1 branch of the dungeon, and saw 3 of its levels.

You collected 38 gold pieces.

Inventory:

Hand Weapons
 c - a +2 trident of flaming (melded)
 d - a +1 spear
Armour
 a - a +0 robe (melded)
 f - a +0 pair of gloves (melded)
Scrolls
 g - a scroll of teleportation
Potions
 b - a potion of lignification
 e - a potion of heal wounds {unknown}
 h - a potion of curing {unknown}


   Skills:
 + Level 2.7 Fighting
 + Level 1.0 Short Blades
 + Level 1.0 Long Blades
 + Level 1.0 Axes
 + Level 1.0 Maces & Flails
 + Level 1.0 Polearms
 + Level 1.0 Staves
 + Level 1.0 Slings
 + Level 1.0 Bows
 + Level 1.0 Crossbows
 + Level 1.0 Throwing
 + Level 1.0 Armour
 + Level 4.6 Dodging
 + Level 1.0 Stealth
 + Level 1.0 Shields
 + Level 6.6 Unarmed Combat
 + Level 5.0 Spellcasting
 + Level 0.8 Conjurations
 + Level 0.8 Hexes
 + Level 0.8 Summonings
 + Level 0.8 Necromancy
 + Level 0.8 Translocations
 + Level 3.8 Transmutations
 + Level 0.8 Fire Magic
 + Level 0.8 Ice Magic
 + Level 0.8 Air Magic
 + Level 0.8 Earth Magic
 + Level 0.8 Poison Magic
 + Level 1.1 Invocations
 + Level 1.0 Evocations


You had 7 spell levels left.
You knew the following spells:

 Your Spells              Type           Power      Damage    Failure   Level
a - Wereblood             Tmut           12%        N/A       17%         2
b - Spider Form           Tmut/Pois      8%         N/A       43%         3
z - Beastly Appendage     Tmut           24%        N/A       13%         1

Your spell library contained the following spells:

 Spells                   Type           Power      Damage    Failure   Level
 Ice Form                 Ice/Tmut       8%         N/A       78%         4


Dungeon Overview and Level Annotations

Branches:
Dungeon (3/15)

Altars:


Innate Abilities, Weirdness & Mutations

You are a venomous arachnid creature.
You have poisonous fangs.
You are tiny and dextrous.
Your spellcasting is less reliable in this form.
Your armour is entirely melded.
You are incapable of wielding weapons or throwing items.
((You have very sharp teeth.))
Your uncanny sense of smell can sniff out nearby items.
Your experience applies equally to all skills.


Message History

The gnoll hits you with a +1 whip of venom.
The goblin hits you with a +0 club.
You are too injured to fight recklessly!
Casting: Beastly Appendage (safe; 4% risk of failure)
Confirm with . or Enter, or press ? or * to list all spells.
You don't know that spell.
Casting: Beastly Appendage (safe; 4% risk of failure)
Confirm with . or Enter, or press ? or * to list all spells.
The spell is quite dangerous to miscast (24% risk of failure)!
Continue anyway?
Your horns disappear.
Your talons disappear.
You turn into a venomous arachnid creature.
Your +2 trident of flaming melds into your body.
Your +0 pair of gloves melds into your body.
Your +0 robe melds into your body.
Your +2 trident of flaming stops flaming.
The goblin completely misses you.
The gnoll hits you with a +1 whip of venom.
* * * LOW HITPOINT WARNING * * *
You are lethally poisoned!
You hit the gnoll but do no damage.
The gnoll is poisoned.
The gnoll is heavily wounded.
* * * LOW HITPOINT WARNING * * *
You feel sick.
Press: ? - help, v - describe, . - travel
Here: a goblin, wielding a +0 club The floor.
You bite the gnoll!
You kill the gnoll!
* * * LOW HITPOINT WARNING * * *
You feel sick. The goblin misses you.
You have reached level 4!
You feel stronger.
You bite the goblin!
You kill the goblin!
* * * LOW HITPOINT WARNING * * *
You feel sick.
You hit the adder.
The adder is moderately wounded.
You hear the slow rusting of a very distant drain.
You die...

#..##.###>......######
#...##g# ###..........#
###.....####.........<#
#g................#
....#.............# ##
##..##.##.....#
#....#.##.....# ∆
##...).##.[...#
##...s##.....#
#....S)#.....#
##......######
##.#..... ####.#...
####.... .... ...


You could see an adder.

Vanquished Creatures
  A gnoll (D:3)
  2 adders (D:2)
  3 endoplasms (D:2)
  A giant cockroach (D:2)
  5 goblins
  4 hobgoblins
  4 kobolds
  4 quokkas
  4 ball pythons
  3 bats
  A frilled lizard (D:1)
  5 rats
37 creatures vanquished.

Notes
Turn   | Place    | Note
-------+----------+-------------------------------------------
     0 | D:1      | Ignak the Gnoll Transmuter began the quest for the Orb.
     0 | D:1      | Reached XP level 1. HP: 17/17 MP: 6/6
    48 | D:1      | Found a faded altar of an unknown god.
   105 | D:1      | Reached XP level 2. HP: 4/23 MP: 3/7
   479 | D:1      | Learned a level 2 spell: Wereblood
  1195 | D:2      | Reached skill level 5 in Spellcasting
  1195 | D:2      | Reached XP level 3. HP: 16/28 MP: 7/9
  1696 | D:2      | Reached skill level 1 in Invocations
  2009 | D:2      | Reached skill level 1 in Short Blades
  2009 | D:2      | Reached skill level 1 in Long Blades
  2009 | D:2      | Reached skill level 1 in Axes
  2009 | D:2      | Reached skill level 1 in Maces & Flails
  2009 | D:2      | Reached skill level 1 in Polearms
  2009 | D:2      | Reached skill level 1 in Staves
  2009 | D:2      | Reached skill level 1 in Slings
  2009 | D:2      | Reached skill level 1 in Bows
  2009 | D:2      | Reached skill level 1 in Crossbows
  2009 | D:2      | Reached skill level 1 in Throwing
  2009 | D:2      | Reached skill level 1 in Armour
  2009 | D:2      | Reached skill level 1 in Stealth
  2009 | D:2      | Reached skill level 1 in Shields
  2009 | D:2      | Reached skill level 1 in Evocations
  2586 | D:3      | Learned a level 3 spell: Spider Form
  2603 | D:3      | Reached XP level 4. HP: 2/34 MP: 6/11
  2603 | D:3      | HP: 1/34 [poisoned by a gnoll]
  2604 | D:3      | Succumbed to a gnoll's poison

Illustrated notes

Levels and vault maps discovered:
D:1:      zaba_arrival_water, layout_rooms, dreamdust_ecumenical_altar_grove,
          hangedman_decor_peaks_small
D:2:      layout_loops_corners
D:3:      layout_rooms, portal_sewer_entry_b, nicolae_figureground_sparkle

Skill      XL: |  1  2  3 |
---------------+----------+-----
Spellcasting   | 5 |  5.0
Invocations    | 1 |  1.1
Short Blades   | 1 |  1.0
Long Blades    | 1 |  1.0
Axes           | 1 |  1.0
Maces & Flails | 1 |  1.0
Polearms       | 1 |  1.0
Staves         | 1 |  1.0
Slings         | 1 |  1.0
Bows           | 1 |  1.0
Crossbows      | 1 |  1.0
Throwing       | 1 |  1.0
Armour         | 1 |  1.0
Stealth        | 1 |  1.0
Shields        | 1 |  1.0
Evocations     | 1 |  1.0
Fighting       | |  2.7
Dodging        | |  4.6
Unarmed Combat | |  6.6
Conjurations   | |  0.8
Hexes          | |  0.8
Summonings     | |  0.8
Necromancy     | |  0.8
Translocations | |  0.8
Transmutations | |  3.8
Fire Magic     | |  0.8
Ice Magic      | |  0.8
Air Magic      | |  0.8
Earth Magic    | |  0.8
Poison Magic   | |  0.8

Action                   |  1- 3 |  4- 6 || total
-------------------------+-------+-------++-------
Melee: Spear             |   105 |       ||   105
       Unarmed           |     6 |     2 ||     8
       Headbutt          |    12 |       ||    12
       Bite              |     4 |       ||     4
       Kick              |    19 |       ||    19
       Punch             |     2 |       ||     2
       Trident           |    13 |       ||    13
 Cast: Beastly Appendage |    22 |       ||    22
       Spider Form       |     1 |       ||     1
  Use: Scroll            |     2 |       ||     2
 Stab: Sleeping          |     4 |       ||     4
Armor: Robe              |    24 |       ||    24
Dodge: Dodged            |    80 |       ||    80

Table legend: (Time is in decaauts)
 A = Elapsed time spent in this place.
 B = Non-inter-level travel time spent in this place.
 C = Inter-level travel time spent in this place.
 D = Time resting spent in this place.
 E = Time spent auto-exploring this place.
 F = Levels seen in this place.
 G = Mean time per level.
                   A        B        C        D        E       F      G
               +--------+--------+--------+--------+--------+-----+--------+
         Total |   2619 |   2588 |     31 |    794 |   1252 |   3 |  873.0 |
       Dungeon |   2619 |   2588 |     31 |    794 |   1252 |   3 |  873.0 |
               +--------+--------+--------+--------+--------+-----+--------+

Top non-repeatable levels by time:
     D:2: 1378 daAuts
     D:1: 1172 daAuts
     D:3: 68 daAuts
